 Dungeon Crawl Stone Soup version 0.21.1-1-g345015f (webtiles) character file.

68 prawnwizard the Insei (level 4, 0/28 HPs)
             Began as an Octopode Transmuter on July 23, 2018.
             Slain by a jackal (2 damage)
             ... on level 2 of the Dungeon.
             The game lasted 00:02:20 (1948 turns).

prawnwizard the Insei (Octopode Transmuter)         Turns: 1948, Time: 00:02:21

Health: 0/28       AC:  1    Str: 12    XL:     4   Next: 19%
Magic:  7/7        EV: 13    Int: 15    God:
Gold:   75         SH:  6    Dex: 13    Spells: 6/7 levels left

rFire    . . .     SeeInvis .     - Unarmed
rCold    . . .     Gourm    .   l - +2 buckler
rNeg     . . .     Faith    .   (helmet restricted)
rPois    .         Spirit   .   (no amulet)
rElec    .         Reflect  .   e - +3 ring of strength
rCorr    .         Harm     .   (no ring)
MR       .....                  (no ring)
Stlth    ++........             (no ring)
HPRegen  0.09/turn              (no ring)
MPRegen  0.10/turn              (no ring)
                                (no ring)
                                (no ring)

@: lethally poisoned (0 -> -5), flying
A: almost no armour, stealthy swim, amphibious, 8 rings, constrict 8, camouflage
1, gelatinous body 1
a: no special abilities


You were on level 2 of the Dungeon.
You were not hungry.

You visited 1 branch of the dungeon, and saw 2 of its levels.

You collected 75 gold pieces.

Inventory:

Missiles
 a - 37 arrows
Armour
 l - a +2 buckler (worn)
Jewellery
 e - a +3 ring of strength (left tentacle)
Scrolls
 d - a scroll of teleportation {unknown}
 f - 3 scrolls of remove curse {unknown}
 h - 3 scrolls of identify {unknown}
 i - a scroll of enchant weapon {unknown}
 k - a scroll of immolation {unknown}
 o - a scroll of enchant armour {unknown}
 q - a scroll of noise {unknown}
Potions
 j - a potion of invisibility {unknown}
 m - a potion of lignification {unknown}
 p - a potion of haste {unknown}
Books
 b - a book of Changes

   Spells                             Type                      Level
   a - Beastly Appendage              Transmutation                1
   b - Sticks to Snakes               Transmutation                2
   c - Spider Form                    Transmutation/Poison         3
   d - Ice Form                       Ice/Transmutation            4
   e - Blade Hands                    Transmutation                5
Comestibles
 c - 4 rations
 n - 4 chunks of flesh


   Skills:
 - Level 1.0 Fighting
 - Level 2.2 Dodging
 * Level 1.9 Shields
 - Level 4.0 Unarmed Combat
 - Level 2.1 Spellcasting
 - Level 2.2 Transmutations


You had 6 spell levels left.
You knew the following spells:

 Your Spells              Type           Power        Failure   Level  Hunger
a - Beastly Appendage     Tmut           #.....       11%         1    #......


Dungeon Overview and Level Annotations

Branches:
Dungeon (2/15)

Altars:
Elyvilon
Gozag
Kikubaaqudgha
Nemelex Xobeh
Qazlal
Trog
Zin


Innate Abilities, Weirdness & Mutations

You cannot wear most types of armour.
You are very stealthy in the water. (Stealth+)
You are amphibious.
You can wear up to eight rings at the same time.
You can use your tentacles to constrict eight enemies at once.
Your skin changes colour to match your surroundings (Stealth+).
Your rubbery body absorbs attacks. (AC +1, EV +1)


Message History

You tentacle-slap the adder.
The adder is almost dead.
You constrict the adder.
You kill the adder!
* * * LOW HITPOINT WARNING * * *
You feel sick. The jackal bites you.
* * * LOW HITPOINT WARNING * * *
You closely miss the goblin. Your grab misses the goblin.
You kill the goblin!
The jackal closely misses you.
There is a lethal amount of poison in your body!
Unknown command.
It was a potion of flight.
You feel very buoyant.
You fly up into the air.
* * * LOW HITPOINT WARNING * * *
You feel sick. The jackal bites you.
* * * LOW HITPOINT WARNING * * *
The jackal bites you.
You die...

##.##.######## ##..#(#
.(..... '.....# .......
##....# ....... ...#).#
....... ......# .....).
...)).# .......
......###########).!...#
...............#@).....#
.....>.......#...h.....#
#####........#._..._...#
#..................#
#........._..⌠.._..#
#..................#
#........#._..._...#
#................#.#
#........###...#.#


You could see a jackal.

Vanquished Creatures
  3 adders (D:2)
  2 giant cockroaches
  7 goblins
  3 hobgoblins
  6 jackals
  A ball python (D:1)
  5 bats
  8 frilled lizards
  5 kobolds (D:2)
  2 rats (D:2)
42 creatures vanquished.

Notes
Turn   | Place    | Note
-------+----------+-------------------------------------------
     0 | D:1      | prawnwizard the Octopode Transmuter began the quest for the Orb.
     0 | D:1      | Reached XP level 1. HP: 13/13 MP: 3/3
   531 | D:1      | Reached XP level 2. HP: 15/18 MP: 5/5
  1371 | D:2      | Reached XP level 3. HP: 17/23 MP: 6/6
  1393 | D:2      | Reached skill level 4 in Unarmed Combat
  1750 | D:2      | Found a glowing silver altar of Zin.
  1794 | D:2      | Reached skill level 1 in Shields
  1924 | D:2      | Found a stormy altar of Qazlal.
  1925 | D:2      | Found a bloodstained altar of Trog.
  1926 | D:2      | Found an opulent altar of Gozag.
  1931 | D:2      | Found a white marble altar of Elyvilon.
  1931 | D:2      | Found an ancient bone altar of Kikubaaqudgha.
  1932 | D:2      | Found a sparkling altar of Nemelex Xobeh.
  1943 | D:2      | Reached XP level 4. HP: 15/28 MP: 7/7
  1948 | D:2      | Slain by a jackal

Skill      XL: |  1  2  3 |
---------------+----------+-----
Unarmed Combat | 4 |  4.0
Shields        | 1 |  1.9
Fighting       | |  1.0
Dodging        | |  2.2
Spellcasting   | |  2.1
Transmutations | |  2.2

Action                   |  1- 3 |  4- 6 || total
-------------------------+-------+-------++-------
Melee: Unarmed           |    76 |     4 ||    80
       Tentacles         |    14 |     1 ||    15
       Constrict         |    23 |     1 ||    24
       Punch             |     2 |       ||     2
       Kick              |     3 |       ||     3
 Cast: Beastly Appendage |     1 |       ||     1
  Use: Potion            |       |     1 ||     1
 Stab: Sleeping          |     5 |       ||     5
  Eat: Chunk             |     3 |       ||     3
Armor: Skin              |     4 |     1 ||     5
Dodge: Dodged            |    56 |     5 ||    61
Block: Buckler           |    15 |     1 ||    16
